Map: 애씨드 플랜트 - 래더

Players

Dark - Winner!

  • Race: Zerg Zerg
  • Spawn Location: 11:00

TRUE

  • Race: Zerg Zerg
  • Spawn Location: 5:00

Event: IEM Season 12 - Katowice

VOD

Have the link to the VOD?

Description

Time

  • Played on: March 1, 2018, 11:39 a.m.
  • Length: 7:06

All games in this series

Show
View Real Time Build Order
Export as new Build Order

Dark Zerg - Winner!

Build Orders: Hatch First, Zergling Baneling 

Get SALT Encoding   

  12  0:00  Drone  
  13  0:13  Overlord  
  13  0:17  Drone  
  14  0:31  Drone x2  
  16  0:36  Drone  
  17  0:51  Hatchery  
  17  0:55  Drone  
  17  0:57  Drone  
  18  1:09  Extractor  
  17  1:12  Spawning Pool  
  17  1:15  Drone  
  17  1:19  Drone  
  18  1:29  Drone  
  19  1:40  Overlord  
  19  1:52  Drone  
  20  1:59  Queen  
  22  2:02  Queen  
  22  2:04  Drone  
  22  2:06  Zergling x2  
  26  2:09  Metabolic Boost  
  26  2:13  Drone  
  27  2:18  Drone  
  28  2:25  Drone  
  29  2:32  Drone  
  29  2:35  Zergling x2  
  31  2:42  Baneling Nest  
  31  2:43  Drone  
  31  2:45  Drone  
  31  2:46  Drone  
  33  2:54  Overlord  
  33  3:03  Drone  
  34  3:07  Hatchery  
  33  3:13  Zergling x6  
  33  3:14  Zergling x8  
  40  3:23  Zergling x2  
  40  3:24  Zergling x2  
  40  3:25  Overlord  
  42  3:29  Queen  
  44  3:40  Baneling x2  
  44  3:45  Baneling x2  
  44  3:47  Drone x3  
  47  3:50  Zergling x2  
  47  3:54  Drone x2  
  43  4:11  Baneling x2, Zergling x6  
  43  4:12  Zergling x2  
  43  4:15  Zergling x10  
  52  4:20  Queen  
  52  4:25  Drone  
  52  4:28  Drone x3  
  56  4:32  Baneling  
  56  4:33  Baneling  
  56  4:39  Extractor  
  56  4:40  Roach Warren  
  53  4:47  Drone, Zergling x4  
  53  4:49  Baneling x2  
  54  4:55  Drone x3, Overlord  
  54  4:58  Drone x3, Extractor  
  57  5:01  Zergling x2  
  57  5:05  Baneling  
  57  5:06  Baneling  
  57  5:09  Overlord x2  
  57  5:11  Overlord  
  57  5:13  Overlord  
  52  5:28  Zergling x2  
  52  5:29  Baneling x2, Zergling x4  
  52  5:31  Roach x5  
  52  5:32  Drone  
  52  5:34  Roach  
  70  5:50  Roach x2  
  70  5:52  Zergling x8  
  70  5:53  Roach  
  70  5:54  Roach  
  70  5:55  Roach x2  
  70  5:57  Zergling x2  
  80  6:00  Zergling x4  
  80  6:03  Zergling x2  
  83  6:04  Zergling x2  
  83  6:05  Zergling x2  
  83  6:08  Zergling x2  
  86  6:12  Baneling x2  
  86  6:16  Zergling x6  
  89  6:19  Ravager  
  89  6:21  Ravager  
  89  6:24  Zergling x4  
  93  6:26  Zergling x8  
  93  6:29  Overlord  
  93  6:30  Overlord  
  97  6:38  Zergling x4  
  95  6:41  Zergling x2  
  95  6:43  Zergling x2  
Show
View Real Time Build Order
Export as new Build Order

TRUE Zerg 

Build Orders: Hatch First 

Get SALT Encoding   

  12  0:00  Drone  
  13  0:12  Overlord  
  13  0:17  Drone  
  14  0:30  Drone  
  14  0:31  Drone  
  14  0:35  Drone  
  17  0:52  Hatchery  
  17  0:55  Drone  
  17  0:58  Drone  
  17  1:04  Extractor  
  17  1:13  Spawning Pool  
  17  1:16  Drone  
  17  1:19  Drone  
  18  1:28  Drone  
  19  1:38  Overlord  
  19  1:59  Queen  
  21  2:02  Zergling x4  
  21  2:04  Queen  
  21  2:05  Metabolic Boost  
  25  2:09  Drone  
  25  2:11  Drone  
  27  2:17  Drone  
  27  2:21  Drone  
  29  2:26  Drone  
  30  2:32  Drone  
  30  2:36  Drone  
  32  2:47  Hatchery  
  32  2:50  Baneling Nest  
  30  2:54  Drone  
  30  2:55  Drone x2  
  31  3:09  Zergling x6  
  31  3:11  Overlord  
  34  3:17  Drone  
  34  3:18  Overlord  
  35  3:25  Overlord  
  35  3:32  Queen  
  37  3:35  Baneling x5  
  37  3:36  Zergling x2  
  37  3:37  Zergling x4  
  37  3:38  Zergling x2  
  37  3:40  Zergling x2  
  42  3:43  Baneling  
  42  3:44  Zergling x2  
  42  3:46  Zergling x2  
  42  3:47  Zergling x2  
  45  3:49  Zergling x2  
  45  3:50  Zergling x2  
  45  3:53  Zergling x2  
  45  3:55  Zergling x2  
  49  4:00  Zergling x2  
  45  4:12  Drone x7  
  45  4:13  Drone  
  48  4:26  Zergling x2  
  48  4:31  Evolution Chamber  
  46  4:32  Roach Warren  
  43  4:38  Queen  
  43  4:45  Drone x5  
  46  4:46  Drone x2  
  46  4:48  Drone  
  49  4:56  Zerg Missile Weapons Level 1  
  49  4:57  Zergling x2  
  49  5:08  Drone x2  
  49  5:11  Extractor  
  49  5:12  Zergling x10  
  49  5:13  Zergling x6  
  55  5:25  Hatchery  
  50  5:30  Lair  
  50  5:31  Drone x2  
  50  5:34  Baneling x2  
  51  5:48  Drone x7  
  47  5:58  Roach  
  47  6:02  Roach x2  
  53  6:07  Roach  
  53  6:11  Overlord  
  55  6:12  Roach, Drone x2  
  55  6:14  Extractor  
  55  6:16  Overlord  
  58  6:24  Overlord  
  58  6:28  Overlord  
  58  6:29  Roach  
  58  6:32  Roach x3  
  66  6:36  Roach  
  66  6:39  Roach  
  67  6:44  Roach  

Tags
 
Add a new tag
Caveats
  • Supply blocks, unpowered buildings, or Contaminate may cause inaccurate times.
  • Supply counts are checked every 10 seconds.